 Dungeon Crawl Stone Soup version 0.30.0-15-g856e2d3f33 (webtiles) character file.

Game seed: 5463934621907026290

58364 qw the Severer (level 14, -3/92 HPs)
             Began as a Gargoyle Fighter on May 21, 2023.
             Was a High Priest of Okawaru.
             Killed from afar by a starcursed mass (11 damage)
             ... with an accursed screaming
             ... on level 2 of the Abyss.
             The game lasted 00:09:34 (17355 turns).

qw the Severer (Gargoyle Fighter)                  Turns: 17355, Time: 00:09:34

Health: -3/92      AC: 32    Str: 21    XL:     14   Next: 90%
Magic:  20/21      EV: 13    Int:  7    God:    Okawaru [*****.]
Gold:   1112       SH: 18    Dex:  9    Spells: 13/13 levels left

rFire   . . .        w - +0 broad axe (vamp)
rCold   . . .        x - +0 kite shield
rNeg    + . .        m - +0 plate armour
rPois   inf          (helmet restricted)
rElec   +            n - +1 cloak
rCorr   .            (no gloves)
SInv    .            a - +2 pair of boots
Will    +....        g - amulet of reflection Stlth
                     f - +5 ring of evasion
HPRegen 0.35/turn    t - +4 ring of protection
MPRegen 0.17/turn

%: reflection
@: about to teleport, heroic, flying, unable to drink
A: sickness immunity, AC +10, big wings, negative energy resistance 1,
electricity resistance, torment resistance 1, petrification resistance, hooves
1, horns 1, camouflage 1, dopey 1, MP-powered wands, [deformed body], [weak 2],
[subdued magic 1], [inability to drink after injury 2]
a: Renounce Religion, Heroism, Finesse, Duel


You were on level 2 of the Abyss.
You worshipped Okawaru.
Okawaru was extremely pleased with you.
You visited 3 branches of the dungeon, and saw 17 of its levels.
You visited the Abyss 1 time.
You also visited: Sewer.

You collected 1212 gold pieces.
You spent 100 gold pieces at shops.


Innate Abilities, Weirdness & Mutations

You are immune to sickness and miasma.
Your stone body is resilient. (AC +10)
You are immune to poison.
Your large and strong wings let you fly.
You resist negative energy. (rN+)
You are resistant to electric shocks. (rElec)
You are resistant to unholy torment.
You are immune to petrification.
You have large cloven feet.
You have a pair of small horns on your head.
Your skin changes colour to match your surroundings (Stealth+).
You are dopey. (Int -2)
You expend magic power (3 MP) to strengthen your wands.
[Armour fits poorly on your strangely shaped body.]
[You are very weak. (Str -4)]
[Your spells are a little easier to cast, but a little less powerful.]
[You sometimes lose the ability to drink potions when taking damage.]


   Skills:
 - Level 12.1(17.1) Fighting
 - Level 15.0(20.0) Axes
 - Level 4.7(9.7) Throwing
 + Level 10.1(15.1) Armour
 - Level 2.1(7.1) Dodging
 - Level 12.0(17.0) Shields
 - Level 10.0 Invocations


You had 13 spell levels left.
You didn't know any spells.
Your spell library was empty.

Inventory:

Hand Weapons
 b - a +2 hand axe of flaming
 w - a +0 vampiric broad axe (weapon)
Missiles
 v - 5 boomerangs (quivered)
Armour
 a - a +2 pair of boots (worn)
 m - a +0 plate armour (worn)
 n - a +1 cloak (worn)
 x - a +0 kite shield (worn)
Jewellery
 f - a +5 ring of evasion (left hand)
 g - an amulet of reflection (around neck)
 t - a +4 ring of protection (right hand)
 u - the amulet of the Spinneret {Harm Drain Regen+ Str+2 Int+2}
   (You acquired it on level 1 of the Lair of Beasts)

   [amulet of regeneration]

   Str:       It affects your strength (+2).
   Int:       It affects your intelligence (+2).
   Regen:     It increases your rate of health regeneration.
   Drain:     It drains your maximum health when unequipped.
   Harm:      It increases damage dealt and taken.
Scrolls
 h - 4 scrolls of teleportation
 k - 3 scrolls of identify
Potions
 d - 2 potions of might
 e - a potion of heal wounds
 i - 2 potions of haste
 j - 2 potions of resistance
 o - 9 potions of attraction
 p - 6 potions of curing
 q - 4 potions of mutation
 r - 2 potions of magic

Dungeon Overview and Level Annotations

Branches:
Dungeon (11/15)            Temple (1/1) D:7            Lair (5/5) D:9
 Shoals (0/4) Lair:3        Snake (0/4) Lair:2        Slime (0/5) Lair:4
    Orc (0/2) D:11          Sewer (visited)

Altars:
Ashenzari
Cheibriados
Dithmenos
Elyvilon
Fedhas
Gozag
Hepliaklqana
Kikubaaqudgha
Makhleb
Nemelex Xobeh
Okawaru
Qazlal
Ru
Sif Muna
Trog
Uskayaw
Vehumet
Wu Jian
Xom
Yredelemnul
Zin
The Shining One
Jiyva

Shops:
D:3 *   D:7 (

Annotations:
Lair:4 3 runed translucent doors, qw's ghost, journeyman GrCA


Message History

You slash the starcursed mass!
You destroy the starcursed mass!
Okawaru accepts your kill.
You closely miss something.
A starcursed mass splits.
A deafening chorus of shrieks assaults your mind!
You feel threatened and lose the ability to drink potions!
You suddenly lose the ability to move!
Something touches you but does no damage.
Your base Fighting skill increases to level 12!
A small abomination comes into view.
A deafening chorus of shrieks assaults your mind!
You shrug off the repeated paralysis!
Something conjures a glowing orb.
The orb of destruction hits a stone wall.
You can move again.
17349 ||| Stepping ~*~*~tactically~*~*~ (hiding).
Something conjures a glowing orb.
An orb of destruction comes into view.
You swing at nothing.
You block the orb of destruction... and reflect it back!
You swing at nothing.
The orb of destruction hits something!!!
17352 ||| READING 5 scrolls of teleportation.
As you read the scroll of teleportation, it crumbles to dust.
You feel strangely unstable.
You feel the power of the Abyss delaying your translocation!
You hear some strange, mumbled words.
You can drink potions again.
Something touches you but does no damage.
A starcursed mass splits.
A chorus of shrieks assaults your mind.
You feel threatened and lose the ability to drink potions!
Something touches you but does no damage.
You barely miss something.
Something touches you but does no damage.
You completely miss something. Your headbutt misses something.
A starcursed mass splits.
A deafening chorus of shrieks assaults your mind!
You die...

# . ## ###.
#. #..# .
##.#Xx# # #
....XX#. .
..#...XX)##
## . # 0
.##@#..#.#
# . #. #.
##..# .
#### ###.#.
##..# #. .#
# #. x. .
.. ยค. ..#
## .#. #


You could see 5 starcursed masses and 2 small abominations.

Vanquished Creatures
  Harold (D:9)
  4 hydras
  2 catoblepae (Lair:5)
  A deep troll shaman (Lair:5)
  A two-headed ogre (D:9)
  12 death yaks
  2 skysharks
  A wretched star (Abyss:2)
  3 wizards (D:11)
  A lindwurm (Lair:5)
  Joseph (D:8)
  18 elephants
  A merfolk siren (Lair:3)
  A guardian serpent (Lair:2)
  14 cane toads
  A torpor snail (Lair:1)
  4 black mambas
  A smoke demon (Abyss:2)
  A rime drake (Lair:4)
  5 komodo dragons
  An efreet (Abyss:2)
  2 kobold demonologists
  An ancient zyme (Abyss:2)
  2 trolls
  4 polar bears
  A raiju (Abyss:2)
  26 blink frogs
  3 slime creatures (Lair:4)
  6 dream sheep (Lair:4)
  Sigmund (D:3)
  7 wyverns
  2 shadows
  44 yaks
  4 starcursed masses (Abyss:2)
  9 vampire mosquitoes
  2 steam dragons (D:8)
  3 basilisks
  Menkaure (D:4)
  2 large abominations (Abyss:2)
  8 water moccasins
  4 orc warriors
  2 acid dragons (D:8)
  A sky beast (D:7)
  2 black bears (Lair:5)
  4 ice beasts
  Pargi (Sewer)
  An ogre (D:7)
  19 wolves
  4 centaurs (Lair:3)
  A phantom (D:4)
  3 kobold brigands (D:9)
  13 bullfrogs
  A scorpion (D:4)
  5 wights (D:6)
  3 killer bees (D:11)
  7 howler monkeys
  11 electric eels
  A quasit (Abyss:2)
  5 jellies
  5 hounds
  8 orc priests
  2 gnoll boudas (D:7)
  2 small abominations (Abyss:2)
  A sleepcap (D:8)
  2 iguanas (D:7)
  17 orc wizards
  5 hell rats (Lair:4)
  A mummy (D:3)
  15 gnolls
  18 adders
  2 shadow imps
  12 white imps (Lair:1)
  An ufetubus (D:3)
  A worm (D:3)
  5 dart slugs
  57 orcs
  11 ball pythons
  5 endoplasms
  3 giant cockroaches
  4 goblins
  3 hobgoblins
  6 jackals
  14 kobolds
  5 quokkas
  3 bats (D:1)
  4 frilled lizards (Sewer)
  3 rats
507 creatures vanquished.

Vanquished Creatures (others)
  A small abomination (Abyss:2)
  A lurking horror (Abyss:2)
2 creatures vanquished.

Grand Total: 509 creatures vanquished

Notes
Turn   | Place    | Note
-------+----------+-------------------------------------------
     0 | D:1      | qw the Gargoyle Fighter began the quest for the Orb.
     0 | D:1      | Reached XP level 1. HP: 14/14 MP: 1/1
     0 | D:1      | 0 ||| qw: Version: 0.2-a-98-g270134b
     0 | D:1      | 0 ||| qw: Game counter: 12
     0 | D:1      | 0 ||| qw: Always use a shield: true
     0 | D:1      | 0 ||| qw: God list: Okawaru
     0 | D:1      | 0 ||| qw: Allow faded altars: false
     0 | D:1      | 0 ||| qw: Do Orc after D:15 true
     0 | D:1      | 0 ||| qw: Do second Lair branch before Depths: true
     0 | D:1      | 0 ||| qw: Lair rune preference: random
     0 | D:1      | 0 ||| qw: Plans: Normal, Zot:1-4, God:TSO, Crypt, Tomb,
                  | Pan, Slime:5, Hells, Abyss, Win
     0 | D:1      | 0 ||| PLANNING D:1-11
     6 | D:1      | Noticed a ragged hierophant
     6 | D:1      | Noticed a tyrant leech
     6 | D:1      | Noticed a basilisk
     7 | D:1      | Noticed a yaktaur captain
   102 | D:1      | Reached skill level 2 in Axes
   290 | D:1      | Reached XP level 2. HP: 19/19 MP: 2/2
   745 | D:1      | 745 ||| DROPPING amulet of faith.
   746 | D:1      | 746 ||| READING scroll labelled CAMIKK WOCECYI.
   747 | D:1      | 747 ||| READING scroll labelled OVUUGAGUV ACVE.
   748 | D:1      | 748 ||| READING scroll labelled LIPLAI JOAPTEDOSU.
   749 | D:1      | 749 ||| READING 2 scrolls labelled BOLIRAG ZOCZE.
   750 | D:1      | 750 ||| READING scroll labelled NAR DYUDOTIEPO.
   751 | D:1      | 751 ||| READING scroll labelled HYV COQUOXUCI.
   800 | D:2      | Reached skill level 3 in Axes
   875 | D:2      | Reached XP level 3. HP: 23/23 MP: 3/3
  1281 | D:2      | 1281 ||| Stepping ~*~*~tactically~*~*~ (stealth).
  1283 | D:2      | 1283 ||| Stepping ~*~*~tactically~*~*~ (stealth).
  1291 | D:2      | Reached XP level 4. HP: 28/28 MP: 4/4
  1297 | D:2      | 1297 ||| Stepping ~*~*~tactically~*~*~ (hiding).
  1298 | D:2      | 1298 ||| Stepping ~*~*~tactically~*~*~ (hiding).
  1311 | D:2      | 1311 ||| Stepping ~*~*~tactically~*~*~ (stealth).
  1333 | D:2      | Reached skill level 4 in Axes
  1383 | D:2      | 1383 ||| Stepping ~*~*~tactically~*~*~ (stealth).
  1699 | D:2      | 1699 ||| DROPPING orb of wrath.
  1700 | D:2      | 1700 ||| UPGRADING to +0 chain mail.
  1710 | D:2      | 1710 ||| DROPPING +0 scale mail.
  1711 | D:2      | 1711 ||| UPGRADING to amulet of reflection.
  1716 | D:2      | 1716 ||| DRINKING 2 blue potions.
  1717 | D:2      | 1717 ||| READING 2 scrolls of identify.
  1717 | D:2      | 1717 ||| IDENTIFYING pink potion
  1718 | D:2      | 1718 ||| DROPPING potion of berserk rage.
  1719 | D:2      | 1719 ||| DROPPING potion of invisibility.
  1846 | D:3      | Noticed Sigmund
  1847 | D:3      | 1847 ||| Stepping ~*~*~tactically~*~*~ (hiding).
  1848 | D:3      | 1848 ||| Stepping ~*~*~tactically~*~*~ (hiding).
  1871 | D:3      | HP: 5/28 [Sigmund/puff of flame (4)]
  1872 | D:3      | Killed Sigmund
  1873 | D:3      | Reached skill level 5 in Axes
  1873 | D:3      | Reached XP level 5. HP: 6/32 MP: 5/5
  1873 | D:3      | Reached XP level 6. HP: 8/37 MP: 6/6
  1987 | D:3      | 1987 ||| Stepping ~*~*~tactically~*~*~ (hiding).
  2097 | D:3      | Found Orghyddoi's Assorted Antiques.
  2102 | D:3      | 2102 ||| SHOPLISTING opal ring (125 gold, have 107).
  2102 | D:3      | 2102 ||| BUYING potion of might (100 gold).
  2102 | D:3      | Bought a potion of might for 100 gold pieces
  2102 | D:3      | 2102 ||| SHOPLISTING scroll labelled BAIDYRRY POEDD (25
                  | gold, have 7).
  2102 | D:3      | 2102 ||| SHOPLISTING scroll labelled WYLLESOINU (25 gold,
                  | have 7).
  2102 | D:3      | 2102 ||| SHOPLISTING scroll of identify (50 gold, have 7).
  2102 | D:3      | 2102 ||| SHOPLISTING small ivory ring (125 gold, have 7).
  2188 | D:3      | 2188 ||| Stepping ~*~*~tactically~*~*~ (stealth).
  2314 | D:3      | Found an opulent altar of Gozag.
  2359 | D:3      | 2359 ||| Stepping ~*~*~tactically~*~*~ (stealth).
  2360 | D:3      | 2360 ||| Stepping ~*~*~tactically~*~*~ (stealth).
  2361 | D:3      | 2361 ||| Stepping ~*~*~tactically~*~*~ (stealth).
  2364 | D:3      | 2364 ||| Stepping ~*~*~tactically~*~*~ (stealth).
  2366 | D:3      | 2366 ||| Stepping ~*~*~tactically~*~*~ (stealth).
  2382 | D:3      | 2382 ||| Stepping ~*~*~tactically~*~*~ (stealth).
  2390 | D:3      | 2390 ||| DROPPING +0 club.
  2393 | D:3      | 2393 ||| DROPPING +0 whip.
  2394 | D:3      | 2394 ||| Stepping ~*~*~tactically~*~*~ (stealth).
  2402 | D:3      | 2402 ||| Stepping ~*~*~tactically~*~*~ (stealth).
  2404 | D:3      | 2404 ||| Stepping ~*~*~tactically~*~*~ (stealth).
  2598 | D:3      | Found a snail-covered altar of Cheibriados.
  2719 | D:3      | 2719 ||| UPGRADING to +0 pair of boots.
  2724 | D:3      | 2724 ||| READING scroll labelled NURODIC PERO.
  2825 | D:3      | 2825 ||| READING scroll labelled LENEAXYMNU.
  2826 | D:3      | 2826 ||| READING scroll labelled VAFYSI QOUSUHOUTE.
  2935 | D:4      | 2935 ||| Stepping ~*~*~tactically~*~*~ (stealth).
  2954 | D:4      | 2954 ||| Stepping ~*~*~tactically~*~*~ (hiding).
  2955 | D:4      | 2955 ||| Stepping ~*~*~tactically~*~*~ (hiding).
  2972 | D:4      | Reached skill level 6 in Axes
  3034 | D:4      | 3034 ||| DROPPING +0 flail.
  3056 | D:4      | Reached skill level 1 in Dodging
  3166 | D:4      | Reached XP level 7. HP: 41/43 MP: 7/7
  3182 | D:4      | Noticed Menkaure
  3183 | D:4      | 3183 ||| Stepping ~*~*~tactically~*~*~ (hiding).
  3190 | D:4      | Killed Menkaure
  3583 | D:4      | Reached skill level 7 in Axes
  3611 | D:4      | 3611 ||| Stepping ~*~*~tactically~*~*~ (stealth).
  3743 | D:4      | 3743 ||| UPGRADING to +0 plate armour.
  3753 | D:4      | 3753 ||| DROPPING +0 chain mail.
  3754 | D:4      | 3754 ||| READING scroll labelled EHYFEY BIGY.
  3755 | D:4      | 3755 ||| DRINKING 2 lumpy amethyst potions.
  3755 | D:4      | Gained mutation: You have large cloven feet. [potion of
                  | mutation]
  3755 | D:4      | Gained mutation: You occasionally lose the ability to read
                  | scrolls when taking damage. [potion of mutation]
  3755 | D:4      | Gained mutation: You are agile. (Dex +4, Str/Int -1)
                  | [potion of mutation]
  3755 | D:4      | Gained mutation: You are partially covered in large bone
                  | plates. (SH +4) [potion of mutation]
  3756 | D:4      | 3756 ||| DRINKING potion of mutation.
  3756 | D:4      | Lost mutation: You are agile. (Dex +4, Str/Int -1) [potion
                  | of mutation]
  3756 | D:4      | Lost mutation: You are partially covered in large bone
                  | plates. (SH +4) [potion of mutation]
  3756 | D:4      | Gained mutation: You have a pair of small horns on your
                  | head. [potion of mutation]
  3756 | D:4      | Gained mutation: You have very sharp teeth. [potion of
                  | mutation]
  3756 | D:4      | Gained mutation: You have a pair of horns on your head.
                  | [potion of mutation]
  3756 | D:4      | Gained mutation: You expend magic power (3 MP) to
                  | strengthen your wands. [potion of mutation]
  3757 | D:4      | 3757 ||| READING 4 scrolls of identify.
  3757 | D:4      | 3757 ||| IDENTIFYING ruby potion
  3758 | D:4      | 3758 ||| READING 3 scrolls of identify.
  3758 | D:4      | 3758 ||| IDENTIFYING fuming dark potion
  3759 | D:4      | 3759 ||| READING 2 scrolls of identify.
  3759 | D:4      | 3759 ||| IDENTIFYING golden potion
  3760 | D:4      | 3760 ||| DROPPING potion of degeneration.
  3783 | D:5      | Entered Level 5 of the Dungeon
  3804 | D:5      | 3804 ||| Stepping ~*~*~tactically~*~*~ (hiding).
  3807 | D:5      | 3807 ||| Stepping ~*~*~tactically~*~*~ (hiding).
  4215 | D:5      | 4215 ||| Stepping ~*~*~tactically~*~*~ (hiding).
  4217 | D:5      | 4217 ||| Stepping ~*~*~tactically~*~*~ (hiding).
  4218 | D:5      | 4218 ||| Stepping ~*~*~tactically~*~*~ (hiding).
  4389 | D:5      | 4389 ||| Stepping ~*~*~tactically~*~*~ (stealth).
  4397 | D:5      | 4397 ||| Stepping ~*~*~tactically~*~*~ (stealth).
  4399 | D:5      | 4399 ||| Stepping ~*~*~tactically~*~*~ (stealth).
  4636 | D:5      | Reached XP level 8. HP: 50/50 MP: 8/8
  4862 | D:5      | 4862 ||| DROPPING ring of wizardry.
  4863 | D:5      | 4863 ||| READING scroll labelled WYLLESOINU.
  4864 | D:5      | 4864 ||| READING scroll labelled BAIDYRRY POEDD.
  4865 | D:5      | 4865 ||| READING 2 scrolls of identify.
  4865 | D:5      | 4865 ||| IDENTIFYING sedimented puce potion
  4883 | D:6      | 4883 ||| PLANNING SEWER
  4888 | D:6      | 4888 ||| Stepping ~*~*~tactically~*~*~ (stealth).
  4894 | D:6      | 4894 ||| Stepping ~*~*~tactically~*~*~ (hiding).
  4898 | D:6      | 4898 ||| DRINKING potion of curing.
  4898 | D:6      | 4898 ||| (to cure confusion)
  4912 | D:6      | 4912 ||| Stepping ~*~*~tactically~*~*~ (stealth).
  4917 | D:6      | 4917 ||| Stepping ~*~*~tactically~*~*~ (stealth).
  5201 | D:6      | Reached skill level 8 in Axes
  5220 | D:6      | Reached skill level 6 in Fighting
  5342 | D:6      | Found a glowing drain.
  5343 | D:6      | 5343 ||| UPGRADING to +5 ring of evasion.
  5344 | D:6      | 5344 ||| READING 2 scrolls of identify.
  5344 | D:6      | 5344 ||| IDENTIFYING murky grey potion
  5345 | D:6      | 5345 ||| Stepping randomly (stuck).
  5367 | Sewer    | Entered a sewer
  5398 | Sewer    | Noticed Pargi
  5405 | Sewer    | Killed Pargi
  5427 | Sewer    | 5427 ||| Stepping ~*~*~tactically~*~*~ (water).
  5471 | Sewer    | 5471 ||| READING 2 scrolls labelled PARCHY FAXTOS.
  5491 | Sewer    | 5491 ||| READING scroll labelled CUBEEV UVASH.
  5492 | Sewer    | 5492 ||| DROPPING scroll of blinking.
  5543 | Sewer    | 5543 ||| Stepping ~*~*~tactically~*~*~ (stealth).
  5556 | D:6      | 5556 ||| PLANNING D:1-11
  5796 | D:6      | 5796 ||| Stepping ~*~*~tactically~*~*~ (hiding).
  5797 | D:6      | 5797 ||| Stepping ~*~*~tactically~*~*~ (hiding).
  5930 | D:6      | 5930 ||| Stepping ~*~*~tactically~*~*~ (stealth).
  5931 | D:6      | 5931 ||| Stepping ~*~*~tactically~*~*~ (stealth).
  6170 | D:7      | Reached XP level 9. HP: 40/55 MP: 9/9
  6186 | D:7      | Reached skill level 9 in Axes
  6201 | D:7      | 6201 ||| Stepping ~*~*~tactically~*~*~ (stealth).
  6202 | D:7      | 6202 ||| Stepping ~*~*~tactically~*~*~ (stealth).
  6207 | D:7      | 6207 ||| Stepping ~*~*~tactically~*~*~ (stealth).
  6339 | D:7      | 6339 ||| STAIRDANCE
  6404 | D:7      | Found Luqunt's Weapon Shoppe.
  6443 | D:7      | Reached skill level 1 in Throwing
  6589 | D:7      | 6589 ||| DRINKING potion of mutation.
  6589 | D:7      | Lost mutation: You occasionally lose the ability to read
                  | scrolls when taking damage. [potion of mutation]
  6589 | D:7      | Lost mutation: You have very sharp teeth. [potion of
                  | mutation]
  6589 | D:7      | Lost mutation: You have a pair of horns on your head.
                  | [potion of mutation]
  6589 | D:7      | Gained mutation: Your skin changes colour to match your
                  | surroundings (Stealth+). [potion of mutation]
  6589 | D:7      | Gained mutation: You are dopey. (Int -2) [potion of
                  | mutation]
  6853 | D:7      | Found a staircase to the Ecumenical Temple.
  6854 | D:7      | 6854 ||| PLANNING TEMPLE
  6854 | D:7      | 6854 ||| UPGRADING to +0 cloak.
  6867 | Temple   | Entered the Ecumenical Temple
  6867 | Temple   | Found a transporter.
  6867 | Temple   | Found a transporter.
  6869 | Temple   | Found a transporter.
  6869 | Temple   | Found a transporter.
  6878 | Temple   | 6878 ||| PLANNING OKAWARU WORSHIP
  6885 | Temple   | Became a worshipper of Warmaster Okawaru
  6885 | Temple   | 6885 ||| PLANNING D:1-11
  6958 | D:7      | 6958 ||| Stepping ~*~*~tactically~*~*~ (stealth).
  6959 | D:7      | 6959 ||| Stepping ~*~*~tactically~*~*~ (stealth).
  6963 | D:7      | 6963 ||| Stepping ~*~*~tactically~*~*~ (stealth).
  6964 | D:7      | 6964 ||| Stepping ~*~*~tactically~*~*~ (hiding).
  7060 | D:8      | 7060 ||| Stepping ~*~*~tactically~*~*~ (stealth).
  7089 | D:8      | Reached skill level 6 in Armour
  7205 | D:8      | Found an ornate altar of the Wu Jian Council.
  7205 | D:8      | Found a shimmering blue altar of Sif Muna.
  7206 | D:8      | Found a glowing golden altar of the Shining One.
  7245 | D:8      | 7245 ||| READING scroll of enchant armour.
  7245 | D:8      | 7245 ||| ENCHANTING +0 pair of boots.
  7310 | D:8      | Noticed Joseph
  7311 | D:8      | 7311 ||| Stepping ~*~*~tactically~*~*~ (stealth).
  7313 | D:8      | 7313 ||| Stepping ~*~*~tactically~*~*~ (hiding).
  7336 | D:8      | HP: 10/57 [Joseph/+2 quarterstaff of speed (13)]
  7337 | D:8      | 7337 ||| READING 3 scrolls of teleportation.
  7338 | D:8      | 7338 ||| DRINKING 2 potions of heal wounds.
  7342 | D:8      | 7342 ||| Stepping ~*~*~tactically~*~*~ (hiding).
  7345 | D:8      | Killed Joseph
  7345 | D:8      | Reached * piety under Okawaru
  7466 | D:8      | 7466 ||| READING scroll of enchant armour.
  7466 | D:8      | 7466 ||| ENCHANTING +1 pair of boots.
  7495 | D:8      | Identified the +1 ring mail of Istrutua {rElec rPois Dex-4
                  | SInv}
  7560 | D:8      | Reached skill level 1 in Invocations
  7620 | D:8      | Reached ** piety under Okawaru
  7638 | D:8      | Reached skill level 10 in Axes
  7638 | D:8      | Reached XP level 10. HP: 59/63 MP: 11/11
  7843 | D:8      | 7843 ||| Stepping ~*~*~tactically~*~*~ (hiding).
  7845 | D:8      | 7845 ||| INVOKING Heroism.
  7853 | D:8      | Reached skill level 3 in Invocations
  8182 | D:8      | 8182 ||| INVOKING Heroism.
  8198 | D:8      | 8198 ||| Stepping ~*~*~tactically~*~*~ (cloud).
  8410 | D:8      | 8410 ||| UPGRADING to +4 ring of protection.
  8411 | D:8      | 8411 ||| READING 2 scrolls of identify.
  8411 | D:8      | 8411 ||| IDENTIFYING bubbling blue potion
  8480 | D:9      | 8480 ||| INVOKING Heroism.
  8485 | D:9      | Found a staircase to the Lair.
  8515 | D:9      | 8515 ||| INVOKING Heroism.
  8638 | D:9      | 8638 ||| READING scroll of enchant armour.
  8638 | D:9      | 8638 ||| ENCHANTING +0 cloak.
  8670 | D:9      | 8670 ||| Stepping ~*~*~tactically~*~*~ (stealth).
  8683 | D:9      | 8683 ||| Stepping ~*~*~tactically~*~*~ (hiding).
  8685 | D:9      | Noticed a kobold demonologist
  8719 | D:9      | 8719 ||| INVOKING Heroism.
  8723 | D:9      | Killed a kobold demonologist
  8806 | D:9      | Identified the +1 leather armour "Zygue" {Str+3}
  8986 | D:9      | 8986 ||| Stepping ~*~*~tactically~*~*~ (hiding).
  8988 | D:9      | 8988 ||| Stepping ~*~*~tactically~*~*~ (hiding).
  8989 | D:9      | 8989 ||| Stepping ~*~*~tactically~*~*~ (hiding).
  9014 | D:9      | Reached *** piety under Okawaru
  9041 | D:9      | 9041 ||| INVOKING Heroism.
  9296 | D:9      | 9296 ||| PLANNING LAIR
  9296 | D:9      | 9296 ||| READING 2 scrolls of identify.
  9296 | D:9      | 9296 ||| IDENTIFYING murky purple potion
  9316 | Lair:1   | Entered Level 1 of the Lair of Beasts
  9343 | Lair:1   | Noticed a cane toad
  9343 | Lair:1   | Noticed a cane toad
  9344 | Lair:1   | 9344 ||| INVOKING Heroism.
  9352 | Lair:1   | Killed a cane toad
  9355 | Lair:1   | Killed a cane toad
  9356 | Lair:1   | Reached skill level 11 in Axes
  9429 | Lair:1   | Noticed a torpor snail
  9430 | Lair:1   | 9430 ||| INVOKING Heroism.
  9444 | Lair:1   | Killed a torpor snail
  9452 | Lair:1   | Noticed a cane toad
  9453 | Lair:1   | 9453 ||| Stepping ~*~*~tactically~*~*~ (stealth).
  9456 | Lair:1   | 9456 ||| INVOKING Heroism.
  9461 | Lair:1   | Reached XP level 11. HP: 67/69 MP: 11/14
  9465 | Lair:1   | Reached skill level 9 in Fighting
  9488 | Lair:1   | Reached **** piety under Okawaru
  9541 | Lair:1   | 9541 ||| Stepping ~*~*~tactically~*~*~ (stealth).
  9785 | Lair:1   | 9785 ||| INVOKING Heroism.
  9851 | Lair:1   | Found a frozen archway.
  9852 | Lair:1   | 9852 ||| Stepping ~*~*~tactically~*~*~ (hiding).
  9853 | Lair:1   | 9853 ||| Stepping ~*~*~tactically~*~*~ (hiding).
  9885 | Lair:1   | 9885 ||| Stepping ~*~*~tactically~*~*~ (hiding).
  9887 | Lair:1   | 9887 ||| Stepping ~*~*~tactically~*~*~ (hiding).
  9909 | Lair:1   | 9909 ||| Stepping ~*~*~tactically~*~*~ (hiding).
 10162 | Lair:1   | 10162 ||| DROPPING ring of positive energy.
 10163 | Lair:1   | 10163 ||| READING scroll labelled USTAUSIONU.
 10163 | Lair:1   | Identified a scroll of acquirement
 10163 | Lair:1   | 10163 ||| ACQUIRING amulet of the Spinneret {Harm Drain
                  | Regen+ Str+2 Int+2}
 10163 | Lair:1   | Acquired the amulet of the Spinneret {Harm Drain Regen+
                  | Str+2 Int+2}
 10165 | Lair:1   | 10165 ||| READING 2 scrolls of identify.
 10165 | Lair:1   | 10165 ||| IDENTIFYING lumpy orange potion
 10166 | Lair:1   | 10166 ||| DROPPING potion of brilliance.
 10192 | Lair:2   | 10192 ||| PLANNING GAUNTLET
 10199 | Lair:2   | 10199 ||| INVOKING Heroism.
 10205 | Lair:2   | Reached skill level 3 in Throwing
 10223 | Lair:2   | Received a gift from Okawaru
 10225 | Lair:2   | 10225 ||| INVOKING Heroism.
 10236 | Lair:2   | Reached skill level 6 in Invocations
 10264 | Lair:2   | 10264 ||| INVOKING Heroism.
 10264 | Lair:2   | HP: 9/71 [blink frog (12)]
 10265 | Lair:2   | 10265 ||| READING 3 scrolls of teleportation.
 10266 | Lair:2   | 10266 ||| DRINKING potion of heal wounds.
 10399 | Lair:2   | 10399 ||| INVOKING Heroism.
 10400 | Lair:2   | Noticed a seven-headed hydra
 10406 | Lair:2   | 10406 ||| SWAPPING to +2 hand axe of flaming.
 10409 | Lair:2   | Killed a four-headed hydra
 10410 | Lair:2   | 10410 ||| SWAPPING to +1 war axe.
 10547 | Lair:2   | 10547 ||| INVOKING Heroism.
 10565 | Lair:2   | Reached skill level 12 in Axes
 10584 | Lair:2   | 10584 ||| INVOKING Heroism.
 10658 | Lair:2   | 10658 ||| Stepping ~*~*~tactically~*~*~ (stealth).
 10659 | Lair:2   | 10659 ||| Stepping ~*~*~tactically~*~*~ (stealth).
 10662 | Lair:2   | 10662 ||| INVOKING Heroism.
 10691 | Lair:2   | 10691 ||| INVOKING Heroism.
 10708 | Lair:2   | Reached XP level 12. HP: 68/76 MP: 17/17
 10740 | Lair:2   | Found a staircase to the Snake Pit.
 10757 | Lair:2   | 10757 ||| Stepping ~*~*~tactically~*~*~ (stealth).
 10805 | Lair:2   | 10805 ||| INVOKING Heroism.
 10806 | Lair:2   | 10806 ||| RIP GAUNTLET
 10807 | Lair:2   | 10807 ||| PLANNING LAIR
 10813 | Lair:2   | Reached skill level 6 in Shields
 10957 | Lair:2   | Noticed a seven-headed hydra
 10959 | Lair:2   | 10959 ||| INVOKING Heroism.
 10961 | Lair:2   | 10961 ||| SWAPPING to +2 hand axe of flaming.
 10970 | Lair:2   | Killed a one-headed hydra
 10971 | Lair:2   | 10971 ||| SWAPPING to +1 war axe.
 11087 | Lair:2   | Received a gift from Okawaru
 11141 | Lair:2   | 11141 ||| INVOKING Heroism.
 11142 | Lair:2   | 11142 ||| Stepping ~*~*~tactically~*~*~ (stealth).
 11451 | Lair:2   | Reached skill level 9 in Invocations
 11511 | Lair:3   | 11511 ||| INVOKING Heroism.
 11536 | Lair:3   | Noticed a death yak
 11537 | Lair:3   | Noticed a death yak
 11537 | Lair:3   | Noticed a death yak
 11540 | Lair:3   | Noticed a death yak
 11540 | Lair:3   | Noticed a death yak
 11543 | Lair:3   | Noticed a death yak
 11549 | Lair:3   | Noticed a skyshark
 11552 | Lair:3   | Killed a death yak
 11552 | Lair:3   | Received a gift from Okawaru
 11553 | Lair:3   | Reached skill level 9 in Armour
 11564 | Lair:3   | Killed a death yak
 11564 | Lair:3   | Killed a death yak
 11572 | Lair:3   | 11572 ||| INVOKING Heroism.
 11575 | Lair:3   | Received a gift from Okawaru
 11590 | Lair:3   | Killed a skyshark
 11594 | Lair:3   | Reached ***** piety under Okawaru
 11595 | Lair:3   | 11595 ||| INVOKING Finesse.
 11600 | Lair:3   | HP: 15/77 [death yak (10)]
 11601 | Lair:3   | 11601 ||| READING 2 scrolls of teleportation.
 11606 | Lair:3   | Killed a death yak
 11607 | Lair:3   | Killed a death yak
 11607 | Lair:3   | Received a gift from Okawaru
 11609 | Lair:3   | Reached skill level 13 in Axes
 11609 | Lair:3   | Reached XP level 13. HP: 17/82 MP: 15/20
 11703 | Lair:3   | 11703 ||| INVOKING Heroism.
 11900 | Lair:3   | 11900 ||| SWAPPING to +0 vampiric broad axe.
 11901 | Lair:3   | 11901 ||| DROPPING +1 war axe.
 12021 | Lair:3   | 12021 ||| Stepping ~*~*~tactically~*~*~ (stealth).
 12022 | Lair:3   | 12022 ||| Stepping ~*~*~tactically~*~*~ (stealth).
 12024 | Lair:3   | 12024 ||| INVOKING Heroism.
 12096 | Lair:3   | 12096 ||| Stepping ~*~*~tactically~*~*~ (stealth).
 12115 | Lair:3   | 12115 ||| Stepping ~*~*~tactically~*~*~ (hiding).
 12230 | Lair:3   | 12230 ||| INVOKING Heroism.
 12451 | Lair:3   | Found a staircase to the Shoals.
 12531 | Lair:3   | Found a blossoming altar of Fedhas.
 12696 | Lair:3   | 12696 ||| UPGRADING to +0 kite shield.
 12706 | Lair:3   | 12706 ||| DROPPING +0 buckler.
 12707 | Lair:3   | 12707 ||| READING 3 scrolls of identify.
 12707 | Lair:3   | 12707 ||| IDENTIFYING brown potion
 12708 | Lair:3   | 12708 ||| DROPPING potion of flight.
 12771 | Lair:4   | 12771 ||| Stepping ~*~*~tactically~*~*~ (stealth).
 12775 | Lair:4   | 12775 ||| INVOKING Heroism.
 12823 | Lair:4   | Found a runed translucent gate.
 12824 | Lair:4   | Found a runed translucent gate.
 12824 | Lair:4   | Found a runed translucent gate.
 12828 | Lair:4   | Noticed qw's ghost (journeyman GrCA)
 12866 | Lair:4   | 12866 ||| INVOKING Heroism.
 12868 | Lair:4   | 12868 ||| SWAPPING to +2 hand axe of flaming.
 12875 | Lair:4   | 12875 ||| SWAPPING to +0 vampiric broad axe.
 13032 | Lair:4   | 13032 ||| INVOKING Heroism.
 13087 | Lair:4   | 13087 ||| INVOKING Heroism.
 13124 | Lair:4   | Reached skill level 9 in Shields
 13134 | Lair:4   | Received a gift from Okawaru
 13247 | Lair:4   | Found a staircase to the Slime Pits.
 13247 | Lair:4   | Found a viscous altar of Jiyva.
 13285 | Lair:4   | 13285 ||| Stepping ~*~*~tactically~*~*~ (stealth).
 13287 | Lair:4   | 13287 ||| Stepping ~*~*~tactically~*~*~ (stealth).
 13736 | Lair:4   | 13736 ||| Stepping ~*~*~tactically~*~*~ (stealth).
 13737 | Lair:4   | 13737 ||| INVOKING Heroism.
 14145 | Lair:4   | 14145 ||| READING 2 scrolls of identify.
 14145 | Lair:4   | 14145 ||| IDENTIFYING fuming amethyst potion
 14146 | Lair:4   | 14146 ||| DROPPING potion of ambrosia.
 14174 | Lair:5   | Entered Level 5 of the Lair of Beasts
 14196 | Lair:5   | 14196 ||| Stepping ~*~*~tactically~*~*~ (hiding).
 14201 | Lair:5   | 14201 ||| INVOKING Heroism.
 14209 | Lair:5   | 14209 ||| INVOKING Finesse.
 14226 | Lair:5   | 14226 ||| INVOKING Heroism.
 14285 | Lair:5   | 14285 ||| Stepping ~*~*~tactically~*~*~ (stealth).
 14306 | Lair:5   | Received a gift from Okawaru
 14363 | Lair:5   | 14363 ||| INVOKING Heroism.
 14407 | Lair:5   | Reached skill level 14 in Axes
 14439 | Lair:5   | 14439 ||| INVOKING Heroism.
 14456 | Lair:5   | Gained mutation: Your large and strong wings let you fly.
                  | [Gargoyle growth]
 14456 | Lair:5   | Reached XP level 14. HP: 88/88 MP: 21/21
 14456 | Lair:5   | 14456 ||| PLANNING LAIR
 14549 | Lair:5   | Received a gift from Okawaru
 14647 | Lair:5   | 14647 ||| Stepping ~*~*~tactically~*~*~ (stealth).
 14691 | Lair:5   | 14691 ||| INVOKING Heroism.
 14692 | Lair:5   | 14692 ||| INVOKING Finesse.
 14697 | Lair:5   | 14697 ||| SWAPPING to +2 hand axe of flaming.
 14703 | Lair:5   | 14703 ||| SWAPPING to +0 vampiric broad axe.
 14939 | Lair:5   | 14939 ||| Stepping ~*~*~tactically~*~*~ (stealth).
 14940 | Lair:5   | 14940 ||| INVOKING Heroism.
 14941 | Lair:5   | 14941 ||| INVOKING Finesse.
 14956 | Lair:5   | 14956 ||| Stepping ~*~*~tactically~*~*~ (stealth).
 14975 | Lair:5   | 14975 ||| Stepping ~*~*~tactically~*~*~ (stealth).
 14989 | Lair:5   | 14989 ||| Stepping ~*~*~tactically~*~*~ (stealth).
 14990 | Lair:5   | 14990 ||| INVOKING Heroism.
 15014 | Lair:5   | 15014 ||| INVOKING Finesse.
 15020 | Lair:5   | Reached skill level 12 in Shields
 15055 | Lair:5   | 15055 ||| Stepping ~*~*~tactically~*~*~ (hiding).
 15056 | Lair:5   | 15056 ||| INVOKING Heroism.
 15085 | Lair:5   | 15085 ||| Stepping ~*~*~tactically~*~*~ (stealth).
 15102 | Lair:5   | 15102 ||| Stepping ~*~*~tactically~*~*~ (hiding).
 15105 | Lair:5   | 15105 ||| INVOKING Heroism.
 15290 | Lair:5   | 15290 ||| PLANNING D:1-11
 15290 | Lair:5   | 15290 ||| DROPPING amulet of the acrobat.
 15291 | Lair:5   | 15291 ||| READING scroll labelled NIMIHIF CY GULUN.
 15484 | D:10     | Entered Level 10 of the Dungeon
 15485 | D:10     | 15485 ||| Stepping ~*~*~tactically~*~*~ (hiding).
 15485 | D:10     | Noticed Harold
 15490 | D:10     | 15490 ||| STAIRDANCE
 15494 | D:10     | 15494 ||| STAIRDANCE
 15611 | D:10     | 15611 ||| STAIRDANCE
 15616 | D:9      | 15616 ||| INVOKING Heroism.
 15622 | D:9      | Killed Harold
 15700 | D:10     | 15700 ||| STAIRDANCE
 15702 | D:9      | Received a gift from Okawaru
 16102 | D:10     | Found a hide-covered altar of Uskayaw.
 16212 | D:10     | Found a glowing silver altar of Zin.
 16224 | D:10     | Reached skill level 15 in Axes
 16452 | D:11     | 16452 ||| Stepping ~*~*~tactically~*~*~ (stealth).
 16526 | D:11     | Found a staircase to the Orcish Mines.
 16571 | D:11     | 16571 ||| Stepping ~*~*~tactically~*~*~ (hiding).
 16573 | D:11     | 16573 ||| Stepping ~*~*~tactically~*~*~ (hiding).
 16772 | D:11     | 16772 ||| Stepping ~*~*~tactically~*~*~ (hiding).
 16906 | D:11     | 16906 ||| Stepping ~*~*~tactically~*~*~ (hiding).
 16921 | D:11     | 16921 ||| Stepping ~*~*~tactically~*~*~ (stealth).
 16922 | D:11     | 16922 ||| Stepping ~*~*~tactically~*~*~ (stealth).
 16943 | D:11     | Found the +3 warlock's mirror {omnireflect}
 16952 | Abyss:2  | Cast into level 2 of the Abyss (a wizard)
 17041 | Abyss:2  | 17041 ||| Stepping ~*~*~tactically~*~*~ (stealth).
 17046 | Abyss:2  | 17046 ||| Stepping ~*~*~tactically~*~*~ (stealth).
 17047 | Abyss:2  | 17047 ||| Stepping ~*~*~tactically~*~*~ (stealth).
 17048 | Abyss:2  | 17048 ||| Stepping ~*~*~tactically~*~*~ (hiding).
 17074 | Abyss:2  | Noticed a starcursed mass
 17075 | Abyss:2  | 17075 ||| Stepping ~*~*~tactically~*~*~ (stealth).
 17076 | Abyss:2  | 17076 ||| Stepping ~*~*~tactically~*~*~ (stealth).
 17102 | Abyss:2  | 17102 ||| INVOKING Heroism.
 17109 | Abyss:2  | 17109 ||| Stepping ~*~*~tactically~*~*~ (stealth).
 17124 | Abyss:2  | 17124 ||| INVOKING Heroism.
 17135 | Abyss:2  | Noticed a starcursed mass
 17136 | Abyss:2  | 17136 ||| Stepping ~*~*~tactically~*~*~ (stealth).
 17165 | Abyss:2  | Noticed a starcursed mass
 17166 | Abyss:2  | 17166 ||| Stepping ~*~*~tactically~*~*~ (stealth).
 17207 | Abyss:2  | 17207 ||| Stepping ~*~*~tactically~*~*~ (stealth).
 17253 | Abyss:2  | 17253 ||| Stepping ~*~*~tactically~*~*~ (stealth).
 17290 | Abyss:2  | 17290 ||| Stepping ~*~*~tactically~*~*~ (stealth).
 17299 | Abyss:2  | 17299 ||| INVOKING Heroism.
 17328 | Abyss:2  | Noticed a starcursed mass
 17329 | Abyss:2  | 17329 ||| Stepping ~*~*~tactically~*~*~ (stealth).
 17342 | Abyss:2  | Noticed a lich
 17343 | Abyss:2  | 17343 ||| INVOKING Heroism.
 17347 | Abyss:2  | Killed a starcursed mass
 17347 | Abyss:2  | Paralysed by accursed screaming for 1 turns
 17348 | Abyss:2  | Reached skill level 12 in Fighting
 17348 | Abyss:2  | HP: 16/92 [starcursed mass/accursed screaming (8)]
 17349 | Abyss:2  | 17349 ||| Stepping ~*~*~tactically~*~*~ (hiding).
 17352 | Abyss:2  | 17352 ||| READING 5 scrolls of teleportation.
 17353 | Abyss:2  | HP: 8/92 [starcursed mass/accursed screaming (10)]
 17355 | Abyss:2  | Killed from afar by a starcursed mass

Levels and vault maps discovered:
D:1:      onia_arrival_zoo_common, layout_loops_cross
D:2:      layout_loops_corners
D:3:      layout_basic, grunt_gozag_breadcrumbs, slow_altar_2, serial_shops,
          nicolae_shop_dealshenge, serial_curves, eino_curves_02,
          eino_curves_03, uniq_sigmund
D:4:      layout_loops_ring, minmay_misc_feat_encased, minmay_gold_behind_fungi,
          uniq_menkaure
D:5:      layout_loops_corners, grunt_decor_clamped
D:6:      layout_loops_corners, gup_sewer_entry_glass
D:7:      layout_rooms, minmay_temple_entry_poolview, serial_shops, shop,
          kennysheep_generic_room_8
D:8:      layout_loops_ring, gammafunk_temple_overflow_claw, serial_aquarium,
          aquarium_bridge_long_joined [aquarium_subvault_bridge,
          aquarium_subvault_wall, aquarium_subvault_window,
          aquarium_subvault_wall, aquarium_subvault_wall,
          aquarium_subvault_bridge], aquarium_window_corridor_1,
          aquarium_window_2, aquarium_window_1, aquarium_window_1,
          aquarium_view_2e, aquarium_balcony_3a, aquarium_pool_2,
          chequers_jeans, dk_vineyard_3, minivault_22,
          kennysheep_opposing_triangles, uniq_joseph
D:9:      layout_roguey, erik_lair_island
D:10:     layout_loops_ring, zin_academy, nicolae_uskayaw_en_pointe,
          grunt_ministairs_14, uniq_harold
D:11:     minmay_smoke_and_mirrors, layout_basic, hiddenorc2_lemuel,
          serial_aquarium, aquarium_bridge_square [aquarium_subvault_balcony,
          aquarium_subvault_wall, aquarium_subvault_wall,
          aquarium_subvault_bridge], aquarium_window_2,
          aquarium_window_corridor_2, aquarium_window_fake,
          aquarium_window_fake, aquarium_view_2e, aquarium_balcony_1b,
          aquarium_pool_corner
Temple:   hellmonk_temple_divided_pantheon
Lair:1:   layout_loops_ring, portal_ice_cave_entry_imps,
          infiniplex_staircase_pool_2, serial_bayou_shore_b
Lair:2:   layout_long_grid, minmay_snake_entry_spellcaster,
          gauntlet_entry_generic, serial_bayou_pond_b, beast_lair_carwin_6,
          serial_bayou_shore_b
Lair:3:   layout_regular_city, elwin_shoals_entry_rooms, lemuel_centaur_altar
Lair:4:   layout_layer_cave, minmay_slime_entry_pillars,
          ebering_ghost_rock_garden, lookout_lair_type, wad_woods_river_03,
          cheibrodos_lair_reptile_den
Lair:5:   grunt_lair_end_beastmaster, layout_long_grid,
          nicolae_quartered_pool_super
Abyss:2:  base:
D:6

Skill      XL: |  1  2  3  4  5  6  7  8  9 10 11 12 13 14 |
---------------+-------------------------------------------+-----
Axes           | 2 3 5 6 7 8 10 11 12 13 14 15 | 15.0
Fighting       | 4 5 6 7 8 9 10 12 | 12.1
Dodging        | 1 2 |  2.1
Armour         | 4 5 6 7 8 9 10 | 10.1
Shields        | 4 5 6 11 12 | 12.0
Throwing       | 2 3 4 |  4.7
Invocations    | 2 4 7 10 | 10.0

Action                     |  1- 3 |  4- 6 |  7- 9 | 10-12 | 13-15 || total
---------------------------+-------+-------+-------+-------+-------++-------
  Melee: War axe           |    81 |   158 |   324 |   446 |     2 ||  1011
         Headbutt          |       |       |    49 |   109 |   186 ||   344
         Bite              |       |       |    13 |       |       ||    13
         Hand axe          |       |       |       |    12 |    11 ||    23
         Broad axe         |       |       |       |       |   733 ||   733
  Throw: Boomerang         |       |       |    28 |    68 |    39 ||   135
         Javelin           |       |       |       |    19 |    76 ||    95
 Invoke: Heroism           |       |       |       |    23 |    22 ||    45
         Finesse           |       |       |       |     1 |     4 ||     5
    Use: Scroll            |     6 |     4 |    13 |     7 |     4 ||    34
         Potion            |       |     1 |     5 |     1 |       ||     7
 Armour: Scale mail        |    40 |    17 |       |       |       ||    57
         Chain mail        |       |    51 |    18 |       |       ||    69
         Plate armour      |       |       |   163 |   223 |   340 ||   726
  Dodge: Dodged            |    50 |    50 |   120 |   212 |   301 ||   733
  Block: Buckler           |    13 |    60 |   148 |   234 |    11 ||   466
         Reflection        |       |       |     2 |     6 |     1 ||     9
         Kite shield       |       |       |       |       |   536 ||   536

Table legend:
 A = Non-vault XP
 B = Vault XP
 C = Vault XP percentage of total XP
 D = Non-vault monster count
 E = Vault monster count
 F = Vault count percentage of total count
                 A         B        C        D         E       F
            +---------+---------+-------+---------+---------+-------
      Total |   61967 |   21411 |  25.7 |     388 |     119 |  23.5
            +---------+---------+-------+---------+---------+-------
        D:1 |      27 |       0 |   0.0 |      16 |       0 |   0.0
        D:2 |      83 |       0 |   0.0 |      21 |       0 |   0.0
        D:3 |      89 |     249 |  73.7 |      17 |       2 |  10.5
        D:4 |     384 |     175 |  31.3 |      23 |       1 |   4.2
        D:5 |     314 |       0 |   0.0 |      11 |       0 |   0.0
        D:6 |     806 |      57 |   6.6 |      25 |       6 |  19.4
        D:7 |     904 |       0 |   0.0 |      24 |       0 |   0.0
        D:8 |    1312 |     966 |  42.4 |      16 |       5 |  23.8
        D:9 |    2771 |    2469 |  47.1 |      32 |      13 |  28.9
       D:10 |    2187 |     184 |   7.8 |      14 |       1 |   6.7
       D:11 |    1148 |    2614 |  69.5 |      10 |      35 |  77.8
     Lair:1 |    3852 |     123 |   3.1 |      15 |      12 |  44.4
     Lair:2 |    7979 |    2825 |  26.1 |      31 |       8 |  20.5
     Lair:3 |   11372 |     907 |   7.4 |      30 |       5 |  14.3
     Lair:4 |    9706 |     915 |   8.6 |      42 |       3 |   6.7
     Lair:5 |   14297 |    9780 |  40.6 |      47 |      19 |  28.8
    Abyss:2 |    4736 |       0 |   0.0 |      14 |       0 |   0.0
      Sewer |       0 |     147 | 100.0 |       0 |       9 | 100.0
            +---------+---------+-------+---------+---------+-------
